 Dungeon Crawl Stone Soup version 0.20.1-1-g8b1a95d (console) character file.

56 hilaritas the Shield-Bearer (level 4, -4/31 HPs)
             Began as a Halfling Fighter on Nov 18, 2017.
             Slain by a hobgoblin (6 damage)
             ... led by Robin
             ... on level 2 of the Dungeon.
             The game lasted 00:03:10 (1552 turns).

hilaritas the Shield-Bearer (Halfling Fighter)      Turns: 1552, Time: 00:03:11

Health: -4/31      AC:  6    Str: 23    XL:     4   Next: 17%
Magic:  4/4        EV:  9    Int:  6    God:
Gold:   98         SH: 10    Dex: 13    Spells: 3/3 levels left

rFire    . . .     SeeInvis .   i - +0 dagger (venom)
rCold    . . .     Gourm    .   c - +0 shield
rNeg     . . .     Faith    .   b - +0 scale mail
rPois    .         Spirit   .   (no helmet)
rElec    .         Reflect  .   (no cloak)
rCorr    .         Harm     .   (no gloves)
MR       .....                  (no boots)
Stlth    ..........             (no amulet)
Regen    0.1/turn               (no ring)
MPRegen  0.1/turn               (no ring)

@: mighty, lethally poisoned (-4 -> -15), very slightly contaminated, hasted,
invisible, very quick
A: mutation resistance 1
a: no special abilities


You were on level 2 of the Dungeon.
You were not hungry.

You visited 1 branch of the dungeon, and saw 2 of its levels.

You collected 98 gold pieces.

Inventory:

Hand Weapons
 a - a +0 rapier
 i - a +0 dagger of venom (weapon)
Missiles
 l - 5 tomahawks (quivered)
Armour
 b - a +0 scale mail (worn)
 c - a +0 shield (worn)
Scrolls
 g - 2 scrolls of magic mapping {unknown}
Potions
 h - 2 potions of invisibility
 j - a potion of ambrosia {unknown}
 k - a potion of heal wounds {unknown}
Comestibles
 f - 2 bread rations
 m - a chunk of flesh
 n - a meat ration


   Skills:
 + Level 3.1 Fighting
 * Level 3.7 Short Blades
 - Level 3.2 Armour
 + Level 4.0 Shields


You had 3 spell levels left.
You didn't know any spells.

Dungeon Overview and Level Annotations

Branches:
Dungeon (2/15)

Altars:

Annotations:
D:2 Robin


Innate Abilities, Weirdness & Mutations

You are small and have problems with some larger weapons.
You are somewhat resistant to further mutation.


Message History

You closely miss the hobgoblin. The hobgoblin hits you.
* * * LOW HITPOINT WARNING * * *
Robin hits you from afar with a spear of venom.
* * * LOW HITPOINT WARNING * * *
You are lethally poisoned!
Unknown command.
It was a potion of invisibility.
You fade into invisibility!
* * * LOW HITPOINT WARNING * * *
You feel sick.
The hobgoblin hits you but does no damage.
Robin roars a battlecry!
The hobgoblin goes into a battle-frenzy!
You block the hobgoblin's attack.
The goblin throws a stone.
The stone barely misses the hobgoblin.
The stone misses you.
You are very lightly contaminated with residual magic.
It was a potion of haste.
You feel yourself speed up.
* * * LOW HITPOINT WARNING * * *
You feel sick. The hobgoblin hits you.
You die...

########## #........#
####
###........###....
#>g..........+....
#g#.........##....
#@gg..............
###g............#
#.............#
#.............+
#.............#
######g............#
#......#######.....#
#.....g# #....[#
#......# ###.....#
#......g...........##
#......g.............


You could see Robin, 2 hobgoblins and 2 goblins.

Vanquished Creatures
  2 oozes
  2 dart slugs
  A leopard gecko (D:1)
  5 bats
  A giant cockroach (D:1)
  10 goblins
  5 hobgoblins
  4 jackals (D:1)
  A quokka (D:2)
  A ball python (D:2)
  3 frilled lizards
  4 rats
39 creatures vanquished.

Notes
Turn   | Place    | Note
-------+----------+-------------------------------------------
     0 | D:1      | hilaritas the Halfling Fighter began the quest for the Orb.
     0 | D:1      | Reached XP level 1. HP: 15/15 MP: 1/1
    86 | D:1      | Reached XP level 2. HP: 16/20 MP: 2/2
   415 | D:1      | Reached XP level 3. HP: 5/26 MP: 3/3
  1512 | D:2      | Noticed Robin
  1542 | D:2      | Reached XP level 4. HP: 12/31 MP: 4/4
  1547 | D:2      | Reached skill level 4 in Shields
  1552 | D:2      | Slain by a hobgoblin

Skill      XL: |  1  2  3  4 |
---------------+-------------+-----
Fighting       | 3 |  3.1
Short Blades   | 3 |  3.7
Shields        | 4 |  4.0
Armour         | |  3.2

Action                   |  1- 3 |  4- 6 || total
-------------------------+-------+-------++-------
Melee: Rapier            |    48 |       ||    48
       Dagger            |    89 |     7 ||    96
  Use: Potion            |       |     3 ||     3
  Eat: Chunk             |     2 |       ||     2
Armor: Scale mail        |    52 |     5 ||    57
Dodge: Dodged            |    40 |     5 ||    45
Block: Shield            |    81 |     6 ||    87
